 Dungeon Crawl Stone Soup version 0.31-a0-1447-g87ca8d402b (webtiles) character file.

Game seed: 8803692045740611051

228 Atlas the Grave Robber (level 5, -9/35 HPs)
             Began as a Mummy Necromancer on Dec 27, 2023.
             Was an Initiate of Vehumet.
             Killed by miscasting Airstrike (14 damage)
             ... on level 3 of the Dungeon.
             The game lasted 00:06:12 (2629 turns).

Atlas the Grave Robber (Mummy Necromancer)          Turns: 2629, Time: 00:06:13

Health: -9/35      AC: 11    Str: 11    XL:     5   Next: 70%
Magic:  7/11       EV: 12    Int: 16    God:    Vehumet [......]
Gold:   211        SH:  0    Dex: 13    Spells: 7/13 levels left

rFire   x . .        b - staff of alchemy
rCold   + . .        (no shield)
rNeg    + + +        a - +0 robe
rPois   ∞            (no helmet)
rElec   .            (no cloak)
rCorr   .            o - +2 pair of gloves
SInv    .            p - +1 pair of boots
Will    .....        (no amulet)
Stlth   ++           m - +4 ring of protection
HPRegen 0.25/turn    (no ring)
MPRegen 0.12/turn

%: faith
@: very slightly contaminated
A: cold resistance 1, negative energy resistance 3, torment resistance 2, heat
vulnerability 1, in touch with death 1, no potions, faith
a: Renounce Religion


You were on level 3 of the Dungeon.
You worshipped Vehumet.
Vehumet was noncommittal.
You visited 2 branches of the dungeon, and saw 5 of its levels.

You collected 211 gold pieces.

Inventory:

Armour
 a - a +0 robe (worn)
 i - an orb of energy
 o - a +2 pair of gloves (worn)
 p - a +1 pair of boots (worn)
Magical Staves
 b - a staff of alchemy (weapon)
Jewellery
 k - a ring of ice
 m - a +4 ring of protection (left hand)
 r - a ring of resist corrosion
Scrolls
 c - 2 scrolls of poison
 d - 2 scrolls of silence
 e - a scroll of revelation
 f - a scroll of fear {unknown}
 h - a scroll of enchant armour {unknown}
 j - 2 scrolls of fog
 l - 3 scrolls of blinking {unknown}
 n - 2 scrolls of teleportation
 q - a scroll of noise {unknown}


   Skills:
 + Level 0.1 Fighting
 + Level 0.1 Staves
 + Level 1.6 Dodging
 + Level 1.9 Stealth
 + Level 4.6 Spellcasting
 + Level 6.0 Necromancy


You had 7 spell levels left.
You knew the following spells:

 Your Spells              Type           Power      Damage    Failure   Level
a - Necrotise             Necr           100%       1d9       1%          1
b - Kiss of Death         Conj/Necr      80%        2d11      4%          1
c - Airstrike             Air            1%         2d(1-17)  85%         4

Your spell library contained the following spells:

 Spells                   Type           Power      Damage    Failure   Level
 Vampiric Draining        Necr           34%        2d8       4%          3
 Animate Dead             Necr           34%        N/A       13%         4
 Dispel Undead            Necr           34%        3d15      13%         4
 Freeze                   Ice            12%        1d3       16%         1
 Shock                    Conj/Air       12%        1d3       16%         1
 Curse of Agony           Necr           34%        N/A       36%         5
 Confusing Touch          Hex            3%         N/A       43%         3
 Frozen Ramparts          Ice            6%         1d1       43%         3
 Hailstorm                Conj/Ice       3%         3d5       43%         3
 Swiftness                Air            3%         N/A       43%         3
 Conjure Ball Lightning   Conj/Air       1%         3x3d6     100%        6
 Discord                  Hex            1%         N/A       100%        8
 Disjunction              Tloc           1%         N/A       100%        8


Dungeon Overview and Level Annotations

Branches:
Dungeon (4/15)             Temple (1/1) D:4

Altars:
Ashenzari
Cheibriados
Fedhas
Gozag
Hepliaklqana
Kikubaaqudgha
Makhleb
Nemelex Xobeh
Okawaru
Qazlal
Ru
Sif Muna
Trog
Uskayaw
Vehumet
Yredelemnul

Shops:
D:1 (   D:2 !

Annotations:
D:3 Grinder
D:4 Pikel


Innate Abilities, Weirdness & Mutations

You are immune to poison.
Your flesh is cold resistant. (rC+)
You are immune to negative energy. (rN+++)
You are immune to unholy pain and torment.
You are vulnerable to heat. (rF-)
You are in touch with the powers of death.
You do not drink.
You have a special connection with the divine. (Faith)


Message History

You hit Grinder but do no damage.
Grinder is heavily wounded.
Grinder barely misses you.
You hit Grinder but do no damage.
Grinder is heavily wounded.
Grinder hits you but does no damage.
You hit Grinder.
Grinder is heavily wounded.
Grinder gestures at you. You resist with some effort.
You closely miss Grinder.
Grinder is heavily wounded.
Grinder hits you but does no damage. Grinder barely misses you.
You hit Grinder but do no damage.
Grinder is heavily wounded.
Grinder blinks!
Grinder gestures at you. You resist with some effort.
Grinder says, "There's only one good use for a tongue: cutting it out."
Grinder blinks!
There is a stone staircase leading down here.
You barely miss Grinder.
Grinder is heavily wounded.
Grinder hits you.
* * * LOW HITPOINT WARNING * * *
You hit Grinder but do no damage.
Grinder is heavily wounded.
Grinder barely misses you.
Casting: Necrotise (safe; 1% risk of failure)
Confirm with . or Enter, or press ? or * to list all spells.
You can't see any susceptible monsters within range! (Use Z to cast anyway.)
Casting: Necrotise (safe; 1% risk of failure)
Confirm with . or Enter, or press ? or * to list all spells.
Aiming: Airstrike (astonishingly dangerous; 85% risk of failure)
Press: ? - help, Dir - move target, f - Grinder
Aim: Grinder (heavily wounded, empty space bonus: 1/8)
You miscast Airstrike.
You are very lightly contaminated with residual magic.
You feel a sudden electric shock!
You die...

.#####...#####.......###.....####
## #...# ####....# #.......#.
#...# #(##############. #...# #.#
#......# ## ##.## #.#
#.####.##### #######.#####
##.###.####.(...# #...........#
#........##.###.#
........##..#####.###....#.###.##
........§......5@.# #.<..........
....#..###..#####.# #......###.##
#..##..###..# #.# ######.###.#
...##.......# #.# #.....#
.........#### #.# #######
.#.###...# #.# ...####.#### #.#
.###.>.....# #.# .# #.......# #.#


You could see Grinder.

Vanquished Creatures
  A water moccasin (D:3)
  An orc priest (D:4)
  3 adders
  3 dart slugs
  5 orcs
  7 ball pythons
  5 endoplasms
  A giant cockroach (D:2)
  2 goblins (D:1)
  6 hobgoblins
  A jackal (D:2)
  3 kobolds
  3 quokkas
  4 bats
  2 frilled lizards
  2 rats
49 creatures vanquished.

Vanquished Creatures (collateral kills)
  A rat (D:1)
1 creature vanquished.

Grand Total: 50 creatures vanquished

Notes
Turn   | Place    | Note
-------+----------+-------------------------------------------
     0 | D:1      | Atlas the Mummy Necromancer began the quest for the Orb.
     0 | D:1      | Reached XP level 1. HP: 13/13 MP: 4/4
    75 | D:1      | Found Ucarghue's Antique Weapon Shoppe.
   177 | D:1      | Reached XP level 2. HP: 19/19 MP: 3/5
   694 | D:2      | Found a burning altar of Makhleb.
   744 | D:2      | Reached XP level 3. HP: 17/24 MP: 2/7
   809 | D:2      | Reached skill level 5 in Necromancy
   983 | D:2      | Found Fiogul's Distillery.
  1556 | D:3      | Noticed a water moccasin
  1577 | D:3      | Killed a water moccasin
  1578 | D:3      | Reached XP level 4. HP: 10/30 MP: 1/10
  1578 | D:3      | Reached XP level 5. HP: 11/35 MP: 1/11
  1711 | D:3      | Learned a level 1 spell: Kiss of Death
  2298 | D:4      | Noticed Pikel
  2298 | D:4      | Noticed a lemure
  2298 | D:4      | Noticed a lemure
  2298 | D:4      | Noticed a lemure
  2299 | D:4      | Noticed a lemure
  2306 | D:3      | Learned a level 4 spell: Airstrike
  2376 | D:4      | Reached skill level 6 in Necromancy
  2464 | D:4      | Found a staircase to the Ecumenical Temple.
  2469 | Temple   | Entered the Ecumenical Temple
  2489 | Temple   | Became a worshipper of Vehumet
  2522 | D:4      | Noticed Grinder
  2526 | D:4      | Paralysed by Grinder for 5 turns
  2536 | D:4      | Paralysed by Grinder for 4 turns
  2571 | D:3      | Paralysed by Grinder for 2 turns
  2610 | D:3      | HP: 1/35 [Grinder (2)]
  2629 | D:3      | Killed by miscasting Airstrike

Illustrated notes

Levels and vault maps discovered:
D:1:      wander_arrival_chamber, layout_basic, serial_shops,
          nicolae_shop_window_shopping, minmay_heptomino_o4
D:2:      kennysheep_six_static_rooms, layout_rooms, basic_altar, serial_shops,
          nicolae_shop_tiny_statue_garden
D:3:      layout_loops_cross, nicolae_elevator_lobby_asterisk
D:4:      layout_basic, minmay_temple_entry_gardened_gates,
          minmay_misc_feat_tiny, uniq_pikel, uniq_grinder
Temple:   hellmonk_temple_of_storms

Skill      XL: |  1  2  3  4  5 |
---------------+----------------+-----
Spellcasting   | 3 4 |  4.6
Necromancy     | 5 6 |  6.0
Fighting       | |  0.1
Staves         | |  0.1
Dodging        | |  1.6
Stealth        | |  1.9

Action                     |  1- 3 |  4- 6 || total
---------------------------+-------+-------++-------
  Melee: Staff             |    15 |    54 ||    69
         Punch             |     1 |       ||     1
   Cast: Necrotise         |    56 |    33 ||    89
    Use: Scroll            |     2 |     4 ||     6
 Armour: Robe              |    23 |    45 ||    68
  Dodge: Dodged            |    31 |    25 ||    56

Table legend: (Time is in decaauts)
 A = Elapsed time spent in this place.
 B = Non-inter-level travel time spent in this place.
 C = Inter-level travel time spent in this place.
 D = Time resting spent in this place.
 E = Time spent auto-exploring this place.
 F = Levels seen in this place.
 G = Mean time per level.
                   A        B        C        D        E       F      G
               +--------+--------+--------+--------+--------+-----+--------+
         Total |   2641 |   2467 |    174 |      3 |   1982 |   5 |  528.2 |
       Dungeon |   2601 |   2466 |    135 |      3 |   1982 |   4 |  650.2 |
        Temple |     40 |      1 |     39 |      0 |      0 |   1 |   40.0 |
               +--------+--------+--------+--------+--------+-----+--------+

Top non-repeatable levels by time:
     D:3: 876 daAuts
     D:2: 846 daAuts
     D:1: 682 daAuts
     D:4: 195 daAuts
  Temple: 40 daAuts
